 Dungeon Crawl Stone Soup version 0.26.1-11-gd32895ea62 (webtiles) character file.

Game seed: 10678427797064424185

91 Destapler the Insei (level 4, -1/54 HPs)
             Began as a Demigod Transmuter on July 2, 2021.
             Slain by an adder (3 damage)
             ... in a sewer.
             The game lasted 00:07:15 (2610 turns).

Destapler the Insei (Demigod Transmuter)            Turns: 2610, Time: 00:07:15

Health: -1/54      AC: 22    Str: 13    XL:     4   Next: 11%
Magic:  10/10      EV:  2    Int: 19    God:
Gold:   193        SH:  3    Dex: 16    Spells: 3/7 levels left

rFire    . . .     SeeInvis .   d - +1 dagger
rCold    + . .     Faith    .   f - +0 buckler
rNeg     + + +     Spirit   .   (armour currently unavailable)
rPois    +         Reflect  .   (helmet currently unavailable)
rElec    .         Harm     .   (cloak currently unavailable)
rCorr    +         Rampage  .   (gloves currently unavailable)
Will     .....     NoTele   +   (boots currently unavailable)
Stlth    +.........             b - amulet of magic regeneration
HPRegen  0.18/turn              g - ring of protection from cold
MPRegen  0.37/turn              l - ring of resist corrosion

@: lethally poisoned (-1 -> -2), tree-form
A: high mp 1
a: no special abilities


You were in a sewer.
You were a tree.
You visited 1 branch of the dungeon, and saw 3 of its levels.
You also visited: Sewer.

You collected 193 gold pieces.

Inventory:

Hand Weapons
 d - a +1 dagger (weapon)
Armour
 a - a +0 robe (melded)
 f - a +0 buckler (worn)
Jewellery
 b - an amulet of magic regeneration (around neck)
 g - a ring of protection from cold (left branch)
 l - a ring of resist corrosion (right branch)
Scrolls
 e - 2 scrolls of identify
Potions
 c - a potion of cancellation {unknown}
 h - a potion of lignification
 i - a potion of haste {unknown}
 j - a potion of mutation {unknown}
 k - 2 potions of degeneration


   Skills:
 + Level 1.8 Fighting
 + Level 2.4 Dodging
 + Level 3.2 Unarmed Combat
 + Level 2.3 Spellcasting
 + Level 2.4 Transmutations


You had 3 spell levels left.
You knew the following spells:

 Your Spells              Type           Power        Failure   Level
a - Beastly Appendage     Tmut           22%          11%         1
b - Spider Form           Tmut/Pois      3%           45%         3

Your spell library contained the following spells:

 Spells                   Type           Power        Failure   Level
 Wereblood                Tmut           11%          16%         2
 Ice Form                 Ice/Tmut       6%           86%         4
 Blade Hands              Tmut           5%           96%         5


Dungeon Overview and Level Annotations

Branches:
Dungeon (3/15)              Sewer (1/1)

Annotations:
Sewer Purgy


Innate Abilities, Weirdness & Mutations

You have an increased reservoir of magic. (+10% MP)


Message History

Purgy claws you but does no damage. x2
The frilled lizard bites you but does no damage.
The adder bites you but does no damage.
You hit Purgy but do no damage.
Purgy is lightly wounded.
Purgy bites you but does no damage. Purgy claws you but does no damage.
Purgy completely misses you. The adder bites you but does no damage.
The frilled lizard hisses.
The frilled lizard bites you but does no damage.
You closely miss Purgy.
Purgy is lightly wounded.
The adder barely misses you. Purgy bites you.
* * * LOW HITPOINT WARNING * * *
Purgy claws you but does no damage. x2
The frilled lizard bites you but does no damage.
You miss Purgy.
Purgy is lightly wounded.
* * * LOW HITPOINT WARNING * * *
You feel sick. The adder bites you.
You die...

##.#.≈≈†#≈≈≈≈≈≈≈≈≈≈≈≈≈≈#
####∩∩##.l≈≈≈≈≈≈≈≈≈≈≈≈≈
######≈≈≈≈≈≈≈≈≈≈≈≈≈≈
#†#.≈≈≈≈≈≈≈≈≈≈#
#...≈≈≈≈≈≈≈≈≈≈≈
###.≈≈≈≈≈≈≈≈≈≈#
####.≈≈≈≈≈≈≈# ##l≈≈≈≈≈##
#♣S≈≈≈≈≈≈# ##T≈≈≈≈≈≈≈
#≈≈≈≈≈≈≈# .≈≈≈≈≈≈≈#
.≈≈≈≈≈≈≈≈# #.≈≈≈≈≈≈≈≈#
≈≈≈≈≈≈≈≈≈≈≈ .≈≈S≈≈≈≈≈≈≈#
.≈≈≈≈≈≈≈≈≈≈##


You could see Purgy, an adder and a frilled lizard.

Vanquished Creatures
  2 adders
  A worm (D:2)
  2 dart slugs
  4 leopard geckos
  A ball python (D:2)
  7 bats
  7 giant cockroaches
  10 hobgoblins
  9 kobolds
  2 quokkas
  8 frilled lizards
  A goblin (D:2)
  7 rats
61 creatures vanquished.

Notes
Turn   | Place    | Note
-------+----------+-------------------------------------------
     0 | D:1      | Destapler the Demigod Transmuter began the quest for the
                  | Orb.
     0 | D:1      | Reached XP level 1. HP: 15/15 MP: 5/5
   102 | D:1      | Reached skill level 1 in Fighting
   241 | D:1      | Reached XP level 2. HP: 23/23 MP: 5/7
   975 | D:2      | Reached skill level 3 in Unarmed Combat
  1038 | D:2      | Reached XP level 3. HP: 25/28 MP: 6/8
  1979 | D:3      | Found a white marble altar of Elyvilon.
  2263 | D:3      | Found a glowing drain.
  2269 | D:3      | Learned a level 3 spell: Spider Form
  2334 | Sewer    | Entered a sewer
  2343 | Sewer    | Reached XP level 4. HP: 15/36 MP: 10/10
  2596 | Sewer    | Noticed Purgy
  2610 | Sewer    | HP: 2/54 [poisoned by an adder]
  2610 | Sewer    | Slain by an adder

Illustrated notes

Levels and vault maps discovered:
D:1:      nicolae_arrival_memento_mori, layout_rooms
D:2:      layout_rooms
D:3:      layout_loops_ring, elyvilon_altar_5, gup_sewer_entry_pipe,
          fedhas_altar_fruit_tree
Sewer:    sewer_co_purgy_island

Skill      XL: |  1  2 |
---------------+-------+-----
Fighting       | 1 |  1.8
Dodging        | 2 |  2.4
Transmutations | 2 |  2.4
Spellcasting   | 2 |  2.3
Unarmed Combat | 3 |  3.2

Action                   |  1- 3 |  4- 6 || total
-------------------------+-------+-------++-------
Melee: Unarmed           |    40 |       ||    40
       Headbutt          |    14 |       ||    14
       Kick              |    15 |       ||    15
       Dagger            |   169 |    31 ||   200
 Cast: Beastly Appendage |    21 |       ||    21
  Use: Scroll            |     4 |       ||     4
       Potion            |       |     1 ||     1
 Stab: Sleeping          |     1 |       ||     1
Armor: Robe              |    34 |     2 ||    36
       Skin              |       |    45 ||    45
Dodge: Dodged            |   134 |    17 ||   151
Block: Buckler           |    24 |     7 ||    31
